AoeStats
← korpogardisto

QS Arena

503489413Analyzed
3v3 RM · 1mo ago on Aug 31, 2026· 46m 2s· 6 players
Game mode
Random Map
Map size
Normal (6 player)
Population
200
Speed
Normal
Resources
Standard
Victory
Conquest
Starting age
Dark Age
Ending age
Imperial Age
RankedLock teamsTeams togetherTeam positionsShared explorationLock speedFull tech treeHidden civsTurbo modeCheats
Victory
Defeat
🇦🇷 Bohemians · Argentina
1109
+11
🇦🇷 Burmese · Argentina
1057
+13
🇦🇷 Portuguese · Argentina
993
+16
🇦🇷 Japanese · Argentina
1023
-15
🇹🇷 Britons · Türkiye
993
-13
🇦🇹 Persians · Austria
965
-12
CarbonBow
8:07 Feudal Age
10:11 Double-Bit Axe
13:00 Castle Age
12:46 Horse Collar
15:20 Stone Mining
17:50 Gold Mining
18:41 Heavy Plow
21:50 Bow Saw
23:24 Wheelbarrow
22:39 Loom
23:14 Town Watch
24:46 Gold Shaft Mining
24:36 Hand Cart
26:24 Padded Archer Armor
26:15 Fletching
30:07 Imperial Age
27:41 Town Patrol
30:37 Ballistics
30:13 Murder Holes
30:57 Yeomen
30:04 Elite Skirmisher
31:55 Two-Man Saw
31:17 Leather Archer Armor
30:57 Bodkin Arrow
31:14 Forging
31:05 Scale Mail Armor
31:10 Scale Barding Armor
32:41 Ring Archer Armor
32:59 Ring Archer Armor
32:35 Scale Barding Armor
32:34 Gambesons
32:50 Squires
32:35 Arson
34:01 Elite Longbowman
34:43 Warwolf
35:03 Conscription
36:57 Husbandry
37:19 Bracer
38:41 Chemistry
43:07 Pikeman
korpogardisto
3:03 Loom
11:37 Feudal Age
15:43 Castle Age
13:51 Double-Bit Axe
13:50 Horse Collar
14:04 Gold Mining
19:57 Wheelbarrow
22:22 Bow Saw
23:25 Scale Mail Armor
23:35 Forging
24:06 Town Watch
25:01 Hand Cart
26:05 Stone Mining
26:29 Town Patrol
30:31 Imperial Age
29:33 Town Patrol
28:59 Pikeman
29:55 Squires
29:40 Gambesons
29:41 Arson
30:16 Masonry
29:47 Treadmill Crane
30:23 Fortified Wall
34:32 Two-Man Saw
34:26 Conscription
34:43 Hoardings
34:27 Fletching
36:54 Kataparuto
38:32 Iron Casting
38:12 Chain Mail Armor
39:14 Chemistry
38:35 Ballistics
38:56 Halberdier
40:22 Gold Shaft Mining
39:58 Siege Engineers
41:47 Guard Tower
(C) Destructo
2:36 Loom
9:13 Feudal Age
10:55 Double-Bit Axe
10:52 Horse Collar
13:24 Castle Age
14:14 Bow Saw
14:01 Gold Mining
26:11 Man-at-Arms
28:52 Heavy Plow
33:35 Wheelbarrow
33:09 Scale Mail Armor
33:08 Long Swordsman
34:00 Forging
35:53 Chain Mail Armor
36:14 Iron Casting
37:01 Hand Cart
37:39 Gold Shaft Mining
40:36 Imperial Age
38:32 Stone Mining
41:32 Capped Ram
42:12 Onager
42:52 Heavy Camel Rider
42:55 Cavalier
43:14 Siege Ram
walter toffys
9:17 Feudal Age
13:13 Castle Age
11:42 Double-Bit Axe
14:23 Bow Saw
13:58 Horse Collar
16:21 Loom
21:25 Wheelbarrow
21:27 Town Watch
22:08 Fervor
22:24 Hand Cart
23:34 Heavy Plow
27:10 Imperial Age
25:11 Padded Archer Armor
26:24 Fletching
26:50 Leather Archer Armor
27:03 Sanctity
27:28 Elite Skirmisher
28:48 Conscription
29:56 Chemistry
29:01 Siege Engineers
31:04 Wagenburg Tactics
33:11 Two-Man Saw
32:49 Elite Hussite Wagon
33:30 Bodkin Arrow
34:05 Ring Archer Armor
33:34 Murder Holes
34:59 Bracer
36:52 Ballistics
36:12 Treadmill Crane
36:43 Masonry
37:10 Hussite Reforms
37:30 Masonry
40:05 Sappers
40:40 Houfnice
MAGICO
11:00 Feudal Age
14:55 Castle Age
19:02 Double-Bit Axe
19:29 Gold Mining
24:58 Imperial Age
23:09 Wheelbarrow
23:13 Bow Saw
24:07 Hand Cart
25:13 Hand Cart
25:10 Stone Mining
28:16 Stone Shaft Mining
29:26 Two-Man Saw
30:19 Horse Collar
32:06 Ballistics
34:12 Chemistry
34:07 Fletching
34:19 Padded Archer Armor
34:34 Heavy Plow
34:49 Fortified Wall
38:29 Bombard Tower
37:39 Cavalier
39:10 Conscription
39:38 Husbandry
39:48 Bloodlines
40:20 Bodkin Arrow
facumastandrea
9:12 Feudal Age
10:07 Loom
13:48 Castle Age
11:41 Horse Collar
11:56 Gold Mining
14:40 Squires
14:01 Pikeman
15:04 Squires
14:24 Pikeman
18:15 Scale Barding Armor
24:36 Scale Mail Armor
24:47 Forging
24:39 Arson
26:08 Wheelbarrow
27:50 Hand Cart
27:21 Town Watch
33:04 Imperial Age
31:46 Gold Shaft Mining
31:01 Stone Mining
32:17 Chain Mail Armor
32:12 Forging
32:22 Masonry
33:20 Halberdier
34:32 Plate Mail Armor
34:38 Iron Casting
35:27 Bloodlines
35:18 Husbandry
34:38 Cavalier
35:40 Chain Barding Armor
37:39 Heavy Plow
38:04 Ballistics
38:22 Plate Barding Armor
38:48 Blast Furnace
39:12 Fletching
43:11 Light Cavalry
Connection lost

Rejoining the realm…

Still unreachable

The connection could not be restored.

Session expired

The server has moved on; the page needs a fresh start.